 Dungeon Sprint DCSS version 0.27-a0-988-g25969acef8 (webtiles) character file.

Game seed: 14903355108885758956

14 night the Chopper (level 2, -13/23 HPs)
             Began as a Demonspawn Gladiator on Apr 15, 2021.
             Was an Initiate of Qazlal.
             Mangled by a tarantella (14 damage)
             ... in the Dungeon (Sprint V: "Ziggurat Sprint").
             The game lasted 00:03:06 (113 turns).

night the Chopper (Demonspawn Gladiator)             Turns: 113, Time: 00:03:06

Health: -13/23     AC:  4    Str: 14    XL:     2   Next: 31%
Magic:  3/3        EV: 12    Int:  9    God:    Qazlal [......]
Gold:   0          SH:  0    Dex: 14    Spells: 3/3 levels left

rFire    . . .     SeeInvis .   J - +5 executioner's axe
rCold    . . .     Faith    .   (shield currently unavailable)
rNeg     . . .     Spirit   .   a - +0 leather armour
rPois    .         Reflect  .   b - +0 helmet
rElec    .         Harm     .   (no cloak)
rCorr    .         Rampage  .   (no gloves)
Will     .....     NoTele   +   (no boots)
Stlth    +.........             (no amulet)
HPRegen  0.07/turn              (no ring)
MPRegen  0.08/turn              (no ring)

@: lethally poisoned (-13 -> -19)
A: hooves 1
a: Renounce Religion


You were in the Dungeon.
You worshipped Qazlal.
Qazlal was noncommittal.
You visited 1 branch

Inventory:

Hand Weapons
 C - the +6 Majin-Bo {vamp, MP+6 Int+6}
   (You found it in the Dungeon)

   It inflicts no extra harm, but heals its wielder when it wounds a living foe.
   It affects your intelligence (+6).
   It affects your magic capacity (+6).
 D - the +7 Singing Sword {vorpal, sonic wave}
   (You found it in the Dungeon)

   It inflicts extra damage upon your enemies.
 J - a +5 executioner's axe (weapon)
 K - the +9 staff of Olgreb {rPois∞}
   (You found it in the Dungeon)

   It may poison the flesh of those it strikes, and is more effective with a
   high Evocations skill.
   It enhances your poison magic.
   It grants immunity to poison.
   It can be evoked to poison those around you for a time.
Missiles
 c - 3 throwing nets (quivered)
Armour
 a - a +0 leather armour (worn)
 b - a +0 helmet (worn)
 E - a +3 buckler
 F - a +3 kite shield
 G - a +3 tower shield
 H - a +5 crystal plate armour
 I - +5 fire dragon scales
Jewellery
 v - a ring of flight
 w - a +6 ring of dexterity
 x - a +6 ring of dexterity
 y - a +6 ring of intelligence
 z - a +6 ring of intelligence
 A - a +6 ring of strength
 B - a +6 ring of strength
Wands
 s - a wand of mindburst (7)
 t - a wand of iceblast (7)
 u - a wand of acid (7)
Scrolls
 i - 4 scrolls of blinking
 j - 4 scrolls of amnesia
 k - 7 scrolls of fog
 l - 5 scrolls of identify
 m - 2 scrolls of fear
Potions
 d - 10 potions of curing
 e - 10 potions of heal wounds
 f - 6 potions of haste
 g - 7 potions of magic
 h - 3 potions of berserk rage
 n - 2 potions of brilliance
 o - 2 potions of invisibility
 p - 4 potions of resistance
 r - 5 potions of might


   Skills:
 + Level 2.5 Fighting
 + Level 6.4 Axes
 - Level 1.7 Throwing
 - Level 2.6 Dodging
 - Level 2.6 Unarmed Combat
 + Level 1.1 Spellcasting


You had 3 spell levels left.
You didn't know any spells.
Your spell library was empty.

Dungeon Overview and Level Annotations

Branches:
Dungeon (1/1)

Altars:
Ashenzari
Cheibriados
Dithmenos
Elyvilon
Fedhas
Gozag
Hepliaklqana
Kikubaaqudgha
Makhleb
Nemelex Xobeh
Okawaru
Qazlal
Ru
Sif Muna
Trog
Uskayaw
Vehumet
Wu Jian
Xom
Yredelemnul
Zin
The Shining One
Beogh
Jiyva
Lugonu

Annotations:
D 1 transporter


Innate Abilities, Weirdness & Mutations

You have large cloven feet.


Message History

You kill the jackal!
Qazlal accepts your kill.
Your Axes skill increases to level 1!
Your Spellcasting skill increases to level 1!
You see here a jackal corpse.
You see here the +9 staff of Olgreb {rPois∞}.
K - the +9 staff of Olgreb {rPois∞} You see here a +0 short sword of speed.
You start resting.
Magic restored.
There is a transporter here.
Welcome to arena 2.
You enter the transporter and appear at another place.
A jumping spider, a tarantella and a scorpion come into view.
The tarantella hisses angrily.
The jumping spider hisses angrily.
Found a staff of earth, a staff of poison and a phantom mirror.
Found a transporter.
You feel more experienced!
Your Axes skill gained 5 levels and is now at level 6!
You have reached level 2!
Your demonic ancestry asserts itself...
Your feet thicken and deform.
The jumping spider leaps!
You slice the jumping spider!!
The jumping spider is heavily wounded.
The jumping spider leaps!
The tarantella bites you!
Ouch! That really hurt!
The scorpion stings you.
You are lethally poisoned!
The scorpion poisons you!
You slash the scorpion!
The scorpion is heavily wounded.
You barely miss the tarantella.
* * * LOW HITPOINT WARNING * * *
You feel very sick. The tarantella closely misses you. The scorpion stings you.
* * * LOW HITPOINT WARNING * * *
The tarantella bites you!
Ouch! That really hurt!
You die...

▓▓▓▓▓▓▓▓▓▓▓▓▓
▓.8©8.▓.8©8.▓
▓.}||.▓.....▓
▓.s.°.▓...).▓
▓.....▓.††..▓
▓.....▓.....▓
▓.ss..▓..©..▓
▓.°@..▓▓▓▓▓▓▓
▓▓▓▓▓▓▓


You could see a jumping spider, a tarantella and a scorpion.

Vanquished Creatures
  2 jackals (D)
2 creatures vanquished.

Notes
Turn   | Place    | Note
-------+----------+-------------------------------------------
     0 | D        | night the Demonspawn Gladiator began the quest for the Orb.
     0 | D        | Reached XP level 1. HP: 16/16 MP: 1/1
     2 | D        | Found a blossoming altar of Fedhas.
     3 | D        | Found the +6 Majin-Bo {vamp, MP+6 Int+6}
     3 | D        | Found the +9 heavy crossbow "Sniper" {vorpal, Acc+∞ SInv}
     3 | D        | Found the +10 dark maul {vorpal}
     3 | D        | Found the +15 Maxwell's patent armour {-Cast -Tele rElec
                  | Will+ rCorr}
     3 | D        | Found the +18 shield of the Gong {rElec rN+ Will+ EV-5}
     3 | D        | Found the +14 obsidian axe {vorpal, Drain Fly SInv}
     3 | D        | Found the +7 great mace "Firestarter" {inner flame, rF++}
     3 | D        | Found the +6 shillelagh "Devastator" {shatter}
     3 | D        | Found the +11 plutonium sword {Contam Stlth-}
     3 | D        | Found the +8 lance "Wyrmbane" {slay drac, rPois rF+ rC+
                  | AC+3}
     3 | D        | Found the +9 sword of Zonguldrok {reap}
     3 | D        | Found the +13 scythe of Curses {drain, Drain}
     3 | D        | Found the +5 sword of Power {vorpal}
     3 | D        | Found the +7 mace of Variability {chain chaos}
     3 | D        | Found the +7 Singing Sword {vorpal, sonic wave}
     3 | D        | Found the +8 storm bow {elec, penet}
     3 | D        | Found a viscous altar of Jiyva.
     3 | D        | Found a hazy altar of Hepliaklqana.
     3 | D        | Found a transporter.
     3 | D        | Found an opulent altar of Gozag.
     3 | D        | Found an ancient bone altar of Kikubaaqudgha.
     3 | D        | Found a corrupted altar of Lugonu.
     6 | D        | Found a burning altar of Makhleb.
     7 | D        | Found a sacrificial altar of Ru.
     7 | D        | Found a stormy altar of Qazlal.
     7 | D        | Found a shimmering blue altar of Sif Muna.
     7 | D        | Found an iron altar of Okawaru.
     7 | D        | Found a bloodstained altar of Trog.
     7 | D        | Found a sparkling altar of Nemelex Xobeh.
    71 | D        | Became a worshipper of Qazlal Stormbringer
    92 | D        | Entered arena 2.
    92 | D        | Found a transporter.
    93 | D        | Found the +9 staff of Olgreb {rPois∞}
    98 | D        | Reached skill level 1 in Axes
    98 | D        | Reached skill level 1 in Spellcasting
   110 | D        | Entered arena 3.
   110 | D        | Noticed a scorpion
   110 | D        | Noticed a tarantella
   110 | D        | Noticed a jumping spider
   110 | D        | Found a transporter.
   111 | D        | Reached skill level 6 in Axes
   111 | D        | Gained mutation: You have large cloven feet. [demonic
                  | ancestry]
   111 | D        | Reached XP level 2. HP: 23/23 MP: 3/3
   113 | D        | HP: 1/23 [scorpion (4)]
   113 | D        | Mangled by a tarantella

Illustrated notes

Levels and vault maps discovered:
D:        sprint_v [room_start, room_1, room_2, room_3, room_4, room_5, room_6,
          room_7, room_8, room_9, room_10, room_11, room_12, room_13, room_14,
          room_15, room_16, room_17, room_18, room_19, room_20, room_21,
          room_22, room_23, room_24, room_25, room_26, room_27]

Skill      XL: |  1 |
---------------+----+-----
Axes           | 6 |  6.4
Spellcasting   | 1 |  1.1
Fighting       | |  2.5
Throwing       | |  1.7
Dodging        | |  2.6
Unarmed Combat | |  2.6

Action                   || total
-------------------------++-------
Melee: Executioner's axe ||     5
  Use: Potion            ||     1
Armor: Leather armour    ||     3
Dodge: Dodged            ||     9

Table legend: (Time is in decaauts)
 A = Elapsed time spent in this place.
 B = Non-inter-level travel time spent in this place.
 C = Inter-level travel time spent in this place.
 D = Time resting spent in this place.
 E = Time spent auto-exploring this place.
 F = Levels seen in this place.
 G = Mean time per level.
                   A        B        C        D        E       F      G
               +--------+--------+--------+--------+--------+-----+--------+
         Total |    116 |    116 |      0 |      3 |      0 |   1 |  116.0 |
       Dungeon |    116 |    116 |      0 |      3 |      0 |   1 |  116.0 |
               +--------+--------+--------+--------+--------+-----+--------+

Top non-repeatable levels by time:
       D: 116 daAuts
